Map: 2000 Atmospheres LE

Players

ShoWTimE

  • Race: Protoss Protoss
  • League: Grandmaster

HeroMarine - Winner!

  • Race: Terran Terran
  • League: Master

Event: DreamHack SC2 Masters 2021 Summer

VOD

Have the link to the VOD?

Description

Time

  • Played on: May 30, 2021, 12:08 p.m.
  • Length: 6:32

All games in this series

Show
View Real Time Build Order
Export as new Build Order

ShoWTimE Protoss 

Build Orders: 1 Gate Expand, Phoenix Opening, Blink Stalkers 

Get SALT Encoding   

  12  0:00  Probe  
  13  0:12  Probe  
  14  0:16  Pylon  
  14  0:24  Probe (Chrono Boost)  
  15  0:36  Probe (Chrono Boost), Gateway  
  16  0:44  Probe (Chrono Boost)  
  16  0:45  Assimilator  
  17  0:50  Probe  
  18  1:03  Probe  
  19  1:15  Probe  
  20  1:24  Cybernetics Core  
  20  1:33  Nexus  
  20  1:36  Probe  
  21  1:43  Pylon  
  21  1:48  Probe  
  21  1:53  Assimilator  
  21  1:58  Adept (Chrono Boost)  
  21  2:00  Probe  
  24  2:04  Warp Gate  
  24  2:12  Probe  
  24  2:13  Pylon  
  25  2:20  Sentry (Chrono Boost)  
  27  2:24  Probe  
  29  2:37  Stalker  
  29  2:38  Probe (Chrono Boost)  
  31  2:44  Probe (Chrono Boost)  
  31  2:46  Phoenix  
  33  2:54  Probe x2 (Chrono Boost), Twilight Council  
  34  2:59  Probe (Chrono Boost)  
  34  3:01  Probe  
  36  3:07  Gateway  
  36  3:11  Probe  
  39  3:13  Probe  
  40  3:23  Probe  
  40  3:25  Probe  
  42  3:28  Robotics Facility  
  42  3:32  Blink (Chrono Boost)  
  42  3:35  Probe  
  42  3:38  Probe  
  42  3:47  Probe  
  43  3:52  Shield Battery  
  43  3:53  Stalker  
  43  3:54  Pylon  
  46  4:02  Nexus  
  43  4:06  Stalker  
  43  4:08  Probe  
  46  4:12  Pylon  
  46  4:13  Probe  
  46  4:16  Observer  
  48  4:20  Probe  
  48  4:23  Stalker  
  46  4:35  Gateway  
  46  4:37  Gateway  
  46  4:44  Gateway  
  46  4:50  Gateway  
  46  4:54  Warp Prism (Chrono Boost)  
  48  5:02  Stalker  
  48  5:06  Stalker  
  52  5:09  Probe  
  52  5:11  Probe  
  54  5:22  Probe x2  
  57  5:28  Probe  
  57  5:30  Observer  
  57  5:39  Probe x2, Stalker x2  
  57  5:40  Stalker x2  
  57  5:42  Stalker  
  69  5:45  Stalker  
  67  6:09  Zealot x2, Stalker x2  
  73  6:12  Stalker x2  
  75  6:19  Probe  
Show
View Real Time Build Order
Export as new Build Order

HeroMarine Terran - Winner!

Build Orders:  

Get SALT Encoding   

  12  0:00  SCV  
  13  0:12  SCV  
  14  0:17  Supply Depot  
  14  0:24  SCV  
  15  0:38  SCV  
  15  0:40  Barracks  
  16  0:43  Refinery  
  16  0:51  SCV  
  17  1:03  SCV  
  18  1:15  SCV  
  19  1:26  Marine  
  19  1:27  Orbital Command  
  20  1:41  Command Center  
  20  1:54  SCV, Factory  
  21  2:03  Barracks Reactor  
  21  2:04  Supply Depot  
  21  2:07  SCV  
  22  2:13  Bunker  
  22  2:19  SCV  
  23  2:31  SCV  
  24  2:40  Starport  
  24  2:43  SCV  
  29  2:44  Hellion x2  
  29  2:48  Refinery  
  29  2:53  Orbital Command  
  29  2:56  SCV  
  32  3:05  Hellion  
  32  3:07  Hellion  
  32  3:08  SCV  
  32  3:11  Barracks Tech Lab  
  35  3:16  Medivac  
  37  3:20  SCV x2  
  37  3:21  Barracks Tech Lab  
  37  3:26  Supply Depot  
  39  3:32  SCV  
  39  3:33  SCV  
  41  3:39  Barracks  
  41  3:44  SCV  
  41  3:45  SCV  
  41  3:47  Marine x2  
  45  3:49  Siege Tank  
  48  3:56  SCV  
  48  3:57  SCV  
  50  4:04  Supply Depot  
  50  4:05  Marine  
  50  4:07  Marine  
  50  4:08  SCV  
  50  4:09  SCV, Barracks  
  54  4:22  SCV x2  
  54  4:23  Marine  
  53  4:25  Marine  
  53  4:28  Starport Tech Lab  
  53  4:31  Engineering Bay  
  52  4:33  Stimpack  
  52  4:35  Refinery, SCV x2  
  55  4:41  Marine, Supply Depot  
  55  4:43  Marine, Supply Depot  
  56  4:47  SCV x2, Marauder  
  56  4:49  Factory Reactor  
  56  4:52  Starport Reactor  
  60  4:56  Refinery  
  60  4:59  SCV x2  
  62  5:02  Marine x2  
  62  5:05  Supply Depot  
  64  5:08  Marine  
  64  5:10  Marine  
  64  5:12  SCV  
  64  5:13  SCV  
  68  5:20  Marine x2  
  70  5:28  Medivac x2, Supply Depot  
  70  5:30  Marauder  
  70  5:32  Marauder  
  70  5:35  Widow Mine  
  80  5:36  Widow Mine  
  80  5:38  Marine x2  
  80  5:39  Supply Depot  
  84  5:51  SCV  
  84  5:52  SCV, Marauder  
  84  5:53  Marauder  
  84  5:55  Marine x2  
  92  5:58  Widow Mine  
  92  6:01  Widow Mine  
  94  6:05  SCV x2  
  93  6:13  Marine x2  
  93  6:17  SCV x2  
Tags
 
Add a new tag
Caveats
  • Supply blocks, unpowered buildings, or Contaminate may cause inaccurate times.
  • Supply counts are checked every 10 seconds.